 Dungeon Crawl Stone Soup version 0.22.0-49-gab54619674 (webtiles) character file.

2823 surkee123 the Fighter (level 9, -15/77 HPs)
             Began as a Demonspawn Fighter on Sept 5, 2018.
             Was a Follower of Wu Jian.
             Demolished by Gastronok (20 damage)
             ... on level 8 of the Dungeon.
             The game lasted 00:29:43 (6200 turns).

surkee123 the Fighter (Demonspawn Fighter)          Turns: 6200, Time: 00:29:44

Health: -15/77     AC:  9    Str: 19    XL:     9   Next: 45%
Magic:  11/11      EV:  7    Int: 10    God:    Wu Jian [*.....]
Gold:   455        SH:  9    Dex: 13    Spells: 8/8 levels left

rFire    . . .     SeeInvis .   l - +3 morningstar (drain)
rCold    . . .     Gourm    .   c - +0 shield
rNeg     . . .     Faith    .   b - +0 scale mail
rPois    .         Spirit   .   t - +0 helmet
rElec    .         Reflect  .   u - scarf {repulsion}
rCorr    .         Harm     .   (no gloves)
MR       .....                  (no boots)
Stlth    +.........             (no amulet)
HPRegen  0.22/turn              i - ring of flight
MPRegen  0.12/turn              (no ring)

@: hasted, repel missiles, very quick
A: claws 2, slimy green scales 1, nightstalker 1
a: Renounce Religion, Evoke Flight


You were on level 8 of the Dungeon.
You worshipped Wu Jian.
Wu Jian was aware of your devotion.
You were not hungry.

You visited 1 branch of the dungeon, and saw 8 of its levels.
You also visited: Sewer.

You collected 455 gold pieces.

Inventory:

Hand Weapons
 l - a +3 morningstar of draining (weapon)
Armour
 b - a +0 scale mail (worn)
 c - a +0 shield (worn)
 t - a +0 helmet (worn)
 u - a scarf of repulsion (worn)
Jewellery
 i - a ring of flight (left claw)
Wands
 y - a wand of random effects (4)
 E - a wand of paralysis (16)
 F - a wand of digging (10)
Scrolls
 d - a scroll of immolation {unknown}
 e - 10 scrolls of remove curse
 h - 3 scrolls of amnesia
 m - 2 scrolls of teleportation
 n - a scroll of identify
 q - a scroll of enchant armour {unknown}
 B - a scroll of fog {unknown}
 C - a scroll of silence {unknown}
 D - a scroll of torment {unknown}
 G - a scroll of magic mapping {unknown}
Potions
 g - a potion of mutation {unknown}
 k - 3 potions of berserk rage
 o - a potion of agility {unknown}
 p - a potion of resistance {unknown}
 r - 3 potions of flight
 s - a potion of lignification
 v - 5 potions of heal wounds
 w - a potion of degeneration {unknown}
 x - a potion of cancellation
 z - 3 potions of curing
 A - a potion of brilliance
Comestibles
 f - 9 rations


   Skills:
 + Level 9.4 Fighting
 + Level 8.3 Maces & Flails
 - Level 2.6 Armour
 - Level 2.6 Shields
 + Level 3.3 Evocations


You had 8 spell levels left.
You didn't know any spells.
Your spell library contained the following spells:

 Spells                   Type           Power        Failure   Level  Hunger
 Freeze                   Ice            #...         99%         1    ##.....
 Throw Frost              Conj/Ice       #.....       100%        2    ###....
 Ozocubu's Armour         Chrm/Ice       #.......     100%        3    ####...
 Summon Ice Beast         Ice/Summ       #.......     100%        4    #####..
 Throw Icicle             Conj/Ice       #.......     100%        4    #####..


Dungeon Overview and Level Annotations

Branches:
Dungeon (8/15)             Temple (0/1) D:4
   Lair: D:8-11

Altars:
Ashenzari
Dithmenos
Elyvilon
Kikubaaqudgha
Nemelex Xobeh
Qazlal
Sif Muna
Vehumet
Wu Jian
Xom
Zin

Shops:
D:4 *   D:5 %

Annotations:
D:8 Gastronok


Innate Abilities, Weirdness & Mutations

You have very sharp fingernails.
You are partially covered in slimy green scales. (AC +2)
You are slightly more attuned to the shadows.


Message History

You puncture Gastronok!
Gastronok is lightly wounded.
You impale Gastronok!! You drain Gastronok!
Gastronok is moderately wounded.
You block Gastronok's attack.
You puncture Gastronok!
Gastronok is moderately wounded.
You sock Gastronok! You drain Gastronok!
Gastronok is heavily wounded.
You puncture Gastronok!
Gastronok is heavily wounded.
Gastronok bites you!!
* * * LOW HITPOINT WARNING * * *
Unknown command.
You hit Gastronok.
Gastronok is heavily wounded.
You hit Gastronok.
Gastronok is heavily wounded.
Gastronok bites you!!
You die...

#....# #h...####.##
#####..#.# #.##.####.#
.......#.#######w##.......
######.#...†..............
#.############..###.# #.#
#..# # #.##### #..# .
#...w.# #..# # #####@#
#..# # #.# ##.# # #.#
#.### # #.# #(..# # #.#
#.#.# # #.# #.#.# # #.#
#.#.#### #.# #.#.##..
#.#....#


You could see Gastronok.

Vanquished Creatures
  Prince Ribbit (D:5)
  Sigmund (D:3)
  An ice beast (D:6)
  A sky beast (D:6)
  2 ogres
  2 phantoms
  4 centaurs
  A big kobold (Sewer)
  2 bullfrogs
  3 scorpions (D:7)
  4 killer bees (D:7)
  A howler monkey (D:6)
  A centaur zombie (D:6)
  3 crimson imps
  4 hounds
  2 orc priests
  2 jellies
  3 centaur skeletons
  2 bullfrog skeletons
  4 orc wizards
  3 iguanas
  5 worker ants
  2 adders (D:2)
  7 gnolls (D:5)
  4 river rats
  A shadow imp (D:5)
  5 worms
  3 dart slugs
  3 leopard geckos
  15 orcs
  6 giant cockroaches
  4 goblins
  3 hobgoblins
  8 jackals
  7 kobolds
  A quokka (D:2)
  4 bats
  5 frilled lizards
  A jackal skeleton (D:7)
  2 quokka skeletons (D:6)
  11 rats
144 creatures vanquished.

Vanquished Creatures (others)
  7 plants (D:8)
7 creatures vanquished.

Grand Total: 151 creatures vanquished

Notes
Turn   | Place    | Note
-------+----------+-------------------------------------------
     0 | D:1      | surkee123 the Demonspawn Fighter began the quest for the
                  | Orb.
     0 | D:1      | Reached XP level 1. HP: 18/18 MP: 1/1
   355 | D:1      | Gained mutation: You have sharp fingernails. [demonic
                  | ancestry]
   355 | D:1      | Reached XP level 2. HP: 24/24 MP: 2/2
   992 | D:2      | Gained mutation: You are partially covered in slimy green
                  | scales. (AC +2) [demonic ancestry]
   992 | D:2      | Reached XP level 3. HP: 30/30 MP: 3/3
  1706 | D:3      | Found an ancient bone altar of Kikubaaqudgha.
  1739 | D:3      | Reached skill level 4 in Fighting
  1871 | D:3      | Found a white marble altar of Elyvilon.
  1892 | D:3      | Reached XP level 4. HP: 37/37 MP: 4/4
  1920 | D:3      | Noticed Sigmund
  1930 | D:3      | Killed Sigmund
  1930 | D:3      | Reached skill level 5 in Fighting
  1930 | D:3      | Reached XP level 5. HP: 44/44 MP: 5/5
  2126 | D:4      | Found a stormy altar of Qazlal.
  2184 | D:4      | Gained mutation: You have very sharp fingernails. [demonic
                  | ancestry]
  2184 | D:4      | Reached XP level 6. HP: 11/51 MP: 6/6
  2818 | D:4      | Found a staircase to the Ecumenical Temple.
  2842 | D:4      | Found a glowing drain.
  2861 | Sewer    | Entered a sewer
  2863 | Sewer    | Reached skill level 6 in Fighting
  2863 | Sewer    | Reached skill level 5 in Maces & Flails
  3002 | Sewer    | Reached XP level 7. HP: 58/58 MP: 7/7
  3049 | Sewer    | Found a glowing silver altar of Zin.
  3238 | D:4      | Found Cuvyonn's Elemental Accessories.
  3371 | D:5      | Entered Level 5 of the Dungeon
  3544 | D:5      | Found Vepritso's Food Shoppe.
  3659 | D:5      | Reached skill level 7 in Fighting
  3709 | D:5      | Noticed Prince Ribbit
  3724 | D:5      | Gained mutation: You are slightly more attuned to the
                  | shadows. [demonic ancestry]
  3724 | D:5      | Reached XP level 8. HP: 54/67 MP: 8/8
  3732 | D:5      | Killed Prince Ribbit
  3879 | D:5      | Found an ornate altar of the Wu Jian Council.
  4515 | D:5      | Reached skill level 8 in Fighting
  4566 | D:5      | Found a shimmering altar of Xom.
  4583 | D:5      | Found a radiant altar of Vehumet.
  4588 | D:5      | Found a glowing silver altar of Zin.
  4599 | D:5      | Found a shattered altar of Ashenzari.
  4606 | D:5      | Found a deep blue altar of Sif Muna.
  4611 | D:5      | Found a sparkling altar of Nemelex Xobeh.
  4669 | D:5      | Became a worshipper of the Wu Jian Council
  4836 | D:6      | Found a shadowy altar of Dithmenos.
  5411 | D:7      | Reached skill level 1 in Evocations
  5411 | D:7      | Reached XP level 9. HP: 64/75 MP: 9/9
  5536 | D:7      | Reached * piety under Wu Jian
  5536 | D:7      | Reached skill level 9 in Fighting
  6118 | D:8      | Noticed Gastronok
  6200 | D:8      | Demolished by Gastronok

Skill      XL: |  1  2  3  4  5  6  7  8  9 |
---------------+----------------------------+-----
Maces & Flails | 2 3 4 5 6 7 8 |  8.3
Fighting       | 4 5 6 7 8 9 |  9.4
Evocations     | 1 3 |  3.3
Armour         | |  2.6
Shields        | |  2.6

Action                   |  1- 3 |  4- 6 |  7- 9 || total
-------------------------+-------+-------+-------++-------
Melee: Flail             |    38 |       |       ||    38
       Morningstar       |    77 |   106 |   237 ||   420
Invok: Lunge             |       |       |     8 ||     8
 Abil: Evoke Flight      |       |       |     1 ||     1
Evoke: Wand              |       |       |     4 ||     4
  Use: Potion            |       |     2 |     4 ||     6
       Scroll            |       |     2 |     8 ||    10
  Eat: Chunk             |     3 |     4 |     7 ||    14
       Ration            |       |       |     1 ||     1
Armor: Scale mail        |    59 |    54 |    60 ||   173
       Skin              |       |       |    14 ||    14
Dodge: Dodged            |    21 |    28 |    64 ||   113
       Deflected         |       |     2 |     5 ||     7
Block: Shield            |    54 |    30 |   116 ||   200
